Capitals vs Sharks

Created - 4 novembre 2017 at 18:26

Goals
1 2 3 T
Capitals 0 0 1 1
Sharks 1 0 1 2
Shots
1 2 3 T
Capitals 9 16 15 40
Sharks 10 5 6 21

1st period

1. Sharks , Sam Reinhart 5 (Sean Couturier 8, Seth Jones 8) at 8:13 (PP)

Penalties :
Mark Pysyk (SJS) for Tripping (Minor) at 5:34, Sergey Kalinin (WSH) for Roughing (Minor) at 7:41

2nd period

No Goal

Penalties :
Derek Dorsett (WSH) for Tripping (Minor) at 0:21, Marc Staal (SJS) for High sticking (Minor) at 3:07, Andrew Desjardins (WSH) for Roughing (Minor) at 18:22

3rd period

2. Capitals , Ryan Kesler 5 (Alexander Ovechkin 7, Viktor Stalberg 3) at 6:18 (PP)
3. Sharks , Michael Chaput 4 (Tom Wilson 2, Matt Martin 3) at 10:07

Penalties :
Marc Staal (SJS) for Hooking (Minor) at 0:38, Esa Lindell (SJS) for Tripping (Minor) at 6:05, Matt Martin (SJS) for High sticking (Minor) at 11:37

Goalie Stats

Cam Ward (WSH), 19 saves from 21 shots - (0.905), L, 10-5-0, 59:22 minutes
Semyon Varlamov (SJS), 39 saves from 40 shots - (0.975), W, 3-3-0, 60:00 minutes

Players Stats for Capitals

Player Name              G  A  P  +/- PIM S  H  SB GA TA FO     MP     PP MP  PK MP  
------------------------------------------------------------------------------------
Alexander Ovechkin       0  1  1   0  0   7  1  0  0  0  0/1    20:46   5:00   3:12 
Andrew Desjardins        0  0  0  -1  2   0  0  0  0  0  0/0    13:55   0:00   0:00 
Calvin de Haan           0  0  0   0  0   2  0  0  0  0  0/0    19:14   3:11   1:48 
Cody Eakin               0  0  0  -1  0   3  0  0  0  0  6/15   14:14   0:00   0:00 
David Desharnais         0  0  0   0  0   1  0  0  0  0  0/3     6:43   0:00   0:00 
Derek Dorsett            0  0  0   0  2   3  1  0  0  0  0/0    17:16   3:09   0:00 
Dmitri Orlov             0  0  0  -1  0   0  1  0  0  0  0/0    14:52   0:00   0:00 
Jack Johnson             0  0  0   0  0   2  2  2  0  0  0/0    25:36   4:58   2:42 
Lukas Sedlak             0  0  0   0  0   0  1  0  0  0  0/0     1:31   0:38   0:00 
Matt Stajan              0  0  0   0  0   1  0  0  0  0  12/21  18:35   3:09   1:18 
Mike Blunden             0  0  0   0  0   0  0  0  0  0  0/0     6:25   0:00   0:00 
Mike Green               0  0  0   0  0   3  2  2  0  0  0/0    20:07   3:11   1:48 
Morgan Rielly            0  0  0  -1  0   1  0  0  0  0  0/0    14:52   0:00   0:00 
Ryan Kesler              1  0  1   0  0   10 0  0  0  0  18/32  27:11   5:00   3:12 
Ryan McDonagh            0  0  0   0  0   4  0  1  0  0  0/0    25:19   4:58   2:42 
Sergey Kalinin           0  0  0  -1  2   0  0  0  0  0  1/1    13:55   0:00   0:00 
Taylor Hall              0  0  0   0  0   3  1  0  0  0  2/2    18:35   3:09   1:18 
Viktor Stalberg          0  1  1   0  0   0  1  0  0  0  2/2    16:21   4:22   0:00 

Players Stats for Sharks

Player Name              G  A  P  +/- PIM S  H  SB GA TA FO     MP     PP MP  PK MP  
------------------------------------------------------------------------------------
Andrej Sustr             0  0  0   1  0   0  2  0  0  0  0/0    15:35   1:27   0:27 
Anze Kopitar             0  0  0   0  0   1  0  0  0  0  13/25  21:07   2:51   3:28 
Charlie Coyle            0  0  0   0  0   1  1  0  0  0  0/1    18:01   2:51   0:22 
Chris Tanev              0  0  0   0  0   2  2  0  0  0  0/0    21:44   1:27   4:01 
Esa Lindell              0  0  0   0  2   0  2  4  0  0  0/0    20:51   0:00   2:45 
Marc Staal               0  0  0   0  4   0  4  1  0  0  0/0    17:19   0:00   1:48 
Mark Pysyk               0  0  0   1  2   0  1  0  0  0  0/0    15:57   0:00   3:00 
Matt Martin              0  1  1   1  2   1  1  0  0  0  0/0     8:52   0:00   0:00 
Michael Chaput           1  0  1   1  0   1  0  0  0  0  4/10    8:53   0:00   0:00 
Micheal Haley            0  0  0   0  0   0  3  0  0  0  0/0    10:32   0:00   0:00 
Mikhail Grigorenko       0  0  0   0  0   0  0  1  0  0  8/11   14:00   0:00   3:28 
Mikko Rantanen           0  0  0   0  0   2  3  0  0  0  0/1    15:59   2:51   0:00 
Nick Bjugstad            0  0  0   0  0   3  2  0  0  0  0/0    14:47   1:39   0:00 
Sam Reinhart             1  0  1   0  0   3  0  0  0  0  0/1    17:08   3:03   0:00 
Sean Couturier           0  1  1   0  0   3  1  0  0  0  11/28  19:49   1:39   4:19 
Seth Jones               0  1  1   0  0   3  0  0  0  0  0/0    25:27   3:03   4:17 
Tom Wilson               0  1  1   1  0   0  3  0  0  0  0/0    13:34   0:00   4:41 
Travis Konecny           0  0  0   0  0   1  0  0  0  0  0/0    12:11   1:39   0:00 

3 Stars

1 - Semyon Varlamov (SJS)
2 - Michael Chaput (SJS)
3 - Tom Wilson (SJS)

Power Play

Capitals - 1 on 5 Attempt(s) - 20.00%
Sharks - 1 on 3 Attempt(s) - 33.33%

Penalty Kill

Capitals - 2 on 3 Attempt(s) - 66.67% - Score 0 goal in Penalty Kill
Sharks - 4 on 5 Attempt(s) - 80.00% - Score 0 goal in Penalty Kill

Team Stat

Capitals - Hits : 10 - Faceoff Wins : 41 - Blocked Shots : 5 - Penalty Minutes : 6
Sharks - Hits : 25 - Faceoff Wins : 36 - Blocked Shots : 6 - Penalty Minutes : 10

Official

Referees : Eric Furlatt and Francois StLaurent
Linesman : Scott Cherrey and Scott Driscoll

Game Notes

No Game Note

Finance

Level 1 -- Attendance: 5825 (89.62%) -- Ticket Income 611 625 $
Level 2 -- Attendance: 4535 (90.70%) -- Ticket Income 317 450 $
Level 3 -- Attendance: 3380 (96.57%) -- Ticket Income 172 380 $
Level 4 -- Attendance: 1562 (100.00%) -- Ticket Income 54 670 $
Luxury Box -- Attendance: 979 (97.90%) -- Ticket Income 195 800 $
Game was played at the SAP center.
Total Attendance: 16281 (92.71%)
Total Ticket Income: 1 351 925 $
Other Income: 202 789 $
Total Income: 1 554 714 $

% Time on Ice - Capitals

Lines # - Real PCT - Wanted PCT - Time Play
Normal Forward
1 - 26% - 40% - 11:59
2 - 30% - 30% - 14:08
3 - 30% - 20% - 13:56
4 - 14% - 10% - 6:25
Normal Defense
1 - 35% - 40% - 16:08
2 - 31% - 30% - 14:15
3 - 32% - 20% - 14:52
4 - 3% - 10% - 1:13
PP Forward
1 - 61% - 60% - 5:00
2 - 39% - 40% - 3:09
PP Defense
1 - 61% - 60% - 4:58
2 - 39% - 40% - 3:11
PK Forward
1 - 71% - 60% - 3:12
2 - 29% - 40% - 1:18
PK Defense
1 - 60% - 60% - 2:42
2 - 40% - 40% - 1:48
PK3 Forward
1 - 0% - 60%
2 - 0% - 40%
PK3 Defense
1 - 0% - 60%
2 - 0% - 40%
44 Forward
1 - 0% - 60%
2 - 0% - 40%
44 Defense
1 - 0% - 60%
2 - 0% - 40%
Last Minute Offensive  - 0:53
Last Minute Defensive  - 0:00
Total
Forward - 60:00
Defense - 60:00

% Time on Ice - Sharks

Lines # - Real PCT - Wanted PCT - Time Play
Normal Forward
1 - 30% - 36% - 14:05
2 - 28% - 32% - 13:08
3 - 23% - 18% - 10:32
4 - 19% - 14% - 8:53
Normal Defense
1 - 39% - 40% - 18:07
2 - 33% - 33% - 15:33
3 - 28% - 27% - 12:58
4 - 0% - 0% - 0:00
PP Forward
1 - 63% - 62% - 2:51
2 - 37% - 38% - 1:39
PP Defense
1 - 68% - 67% - 3:03
2 - 32% - 33% - 1:27
PK Forward
1 - 57% - 55% - 4:41
2 - 43% - 45% - 3:28
PK Defense
1 - 51% - 60% - 4:07
2 - 49% - 40% - 4:02
PK3 Forward
1 - 0% - 55%
2 - 0% - 45%
PK3 Defense
1 - 0% - 60%
2 - 0% - 40%
44 Forward
1 - 0% - 55%
2 - 0% - 45%
44 Defense
1 - 0% - 60%
2 - 0% - 40%
Last Minute Offensive  - 0:00
Last Minute Defensive  - 0:43
Total
Forward - 60:00
Defense - 60:00

Play by Play

1st period


0:01 of 1st period - Ryan Kesler wins face-off versus Sam Reinhart in neutral zone.
0:14 of 1st period - Shot by Alexander Ovechkin.
0:14 of 1st period - Stopped by Semyon Varlamov without a rebound.
0:15 of 1st period - Taylor Hall wins face-off versus Sean Couturier in Sharks zone.
0:15 of 1st period - Taylor Hall is hit by Marc Staal.
1:25 of 1st period - Icing by Mikhail Grigorenko.
1:26 of 1st period - Mikhail Grigorenko wins face-off versus Cody Eakin in Sharks zone.
2:02 of 1st period - Icing by Andrew Desjardins.
2:03 of 1st period - Cody Eakin wins face-off versus Michael Chaput in Capitals zone.
3:01 of 1st period - Dmitri Orlov is hit by Marc Staal and loses puck.
3:34 of 1st period - Shot by Alexander Ovechkin.
3:34 of 1st period - Shot Misses the Net.
3:40 of 1st period - Shot by Alexander Ovechkin.
3:40 of 1st period - Stopped by Semyon Varlamov without a rebound.
3:41 of 1st period - Sean Couturier wins face-off versus Matt Stajan in Sharks zone.
3:58 of 1st period - Shot by Taylor Hall.
3:58 of 1st period - Stopped by Semyon Varlamov without a rebound.
3:59 of 1st period - Ryan Kesler wins face-off versus Mikhail Grigorenko in Sharks zone.
4:02 of 1st period - Shot by Ryan Kesler.
4:02 of 1st period - Shot Misses the Net.
4:04 of 1st period - Shot by Ryan McDonagh.
4:04 of 1st period - Shot Misses the Net.
4:16 of 1st period - Shot by Travis Konecny.
4:16 of 1st period - Shot Misses the Net.
4:28 of 1st period - Shot by Ryan Kesler.
4:28 of 1st period - Stopped by Semyon Varlamov without a rebound.
4:29 of 1st period - Taylor Hall wins face-off versus Sean Couturier in Sharks zone.
4:30 of 1st period - Shot by Derek Dorsett.
4:30 of 1st period - Shot Misses the Net.
5:22 of 1st period - David Desharnais is hit by Andrej Sustr and loses puck.
5:34 of 1st period - Minor Penalty to Mark Pysyk for Tripping.
5:35 of 1st period - Anze Kopitar wins face-off versus Ryan Kesler in Sharks zone.
5:52 of 1st period - Shot by Alexander Ovechkin.
5:52 of 1st period - Stopped by Semyon Varlamov with a rebound.
5:54 of 1st period - Shot by Ryan McDonagh.
5:54 of 1st period - Stopped by Semyon Varlamov without a rebound.
5:55 of 1st period - Matt Stajan wins face-off versus Anze Kopitar in Sharks zone.
6:02 of 1st period - Shot by Mike Green.
6:02 of 1st period - Stopped by Semyon Varlamov without a rebound.
6:03 of 1st period - Ryan Kesler wins face-off versus Sean Couturier in Sharks zone.
6:06 of 1st period - Shot by Ryan Kesler.
6:06 of 1st period - Shot Blocked by Marc Staal.
6:31 of 1st period - Calvin de Haan is hit by Tom Wilson and loses puck.
7:41 of 1st period - Minor Penalty to Sergey Kalinin for Roughing.
7:42 of 1st period - Anze Kopitar wins face-off versus Ryan Kesler in Capitals zone.
7:43 of 1st period - Shot by Sam Reinhart.
7:43 of 1st period - Stopped by Cam Ward without a rebound.
7:44 of 1st period - Ryan Kesler wins face-off versus Anze Kopitar in Capitals zone.
7:57 of 1st period - Shot by Charlie Coyle.
7:57 of 1st period - Stopped by Cam Ward with a rebound.
7:59 of 1st period - Shot by Anze Kopitar.
7:59 of 1st period - Shot Blocked by Mike Green.
8:01 of 1st period - Shot by Sam Reinhart.
8:01 of 1st period - Stopped by Cam Ward without a rebound.
8:02 of 1st period - Sean Couturier wins face-off versus Ryan Kesler in Capitals zone.
8:13 of 1st period - Shot by Sam Reinhart.
8:13 of 1st period - Goal by Sam Reinhart - Capitals : 0 - Sharks : 1.
8:14 of 1st period - Michael Chaput wins face-off versus Matt Stajan in neutral zone.
8:27 of 1st period - Shot by Michael Chaput.
8:27 of 1st period - Deflect By Matt Martin.
8:27 of 1st period - Stopped by Cam Ward without a rebound.
8:28 of 1st period - Cody Eakin wins face-off versus Anze Kopitar in Capitals zone.
8:42 of 1st period - Off-side.
8:43 of 1st period - Ryan Kesler wins face-off versus Sean Couturier in neutral zone.
8:54 of 1st period - Shot by Mike Green.
8:54 of 1st period - Stopped by Semyon Varlamov without a rebound.
8:55 of 1st period - Matt Stajan wins face-off versus Charlie Coyle in Sharks zone.
11:10 of 1st period - Shot by Dmitri Orlov.
11:10 of 1st period - Shot Blocked by Esa Lindell.
11:13 of 1st period - Icing by Micheal Haley.
11:14 of 1st period - Mikhail Grigorenko wins face-off versus David Desharnais in Sharks zone.
11:22 of 1st period - Mikhail Grigorenko is hit by Jack Johnson and loses puck.
11:31 of 1st period - Shot by Ryan Kesler.
11:31 of 1st period - Stopped by Semyon Varlamov without a rebound.
11:32 of 1st period - Cody Eakin wins face-off versus Anze Kopitar in Sharks zone.
12:00 of 1st period - Icing by Chris Tanev.
12:01 of 1st period - Anze Kopitar wins face-off versus Matt Stajan in Sharks zone.
12:56 of 1st period - Shot by Mikko Rantanen.
12:56 of 1st period - Shot Blocked by Mike Green.
13:00 of 1st period - Shot by Sean Couturier.
13:00 of 1st period - Stopped by Cam Ward without a rebound.
13:01 of 1st period - Mikhail Grigorenko wins face-off versus Cody Eakin in Capitals zone.
13:24 of 1st period - Shot by Cody Eakin.
13:24 of 1st period - Shot Blocked by Esa Lindell.
13:26 of 1st period - Shot by Morgan Rielly.
13:26 of 1st period - Shot Blocked by Mikhail Grigorenko.
13:28 of 1st period - Shot by Andrew Desjardins.
13:28 of 1st period - Shot Misses the Net.
14:30 of 1st period - Shot by Mikko Rantanen.
14:30 of 1st period - Stopped by Cam Ward without a rebound.
14:31 of 1st period - Michael Chaput wins face-off versus Matt Stajan in Capitals zone.
15:58 of 1st period - Shot by Anze Kopitar.
15:58 of 1st period - Stopped by Cam Ward without a rebound.
15:59 of 1st period - Cody Eakin wins face-off versus Sean Couturier in Capitals zone.
15:59 of 1st period - Cody Eakin is hit by Nick Bjugstad.
16:12 of 1st period - Shot by Sean Couturier.
16:12 of 1st period - Stopped by Cam Ward without a rebound.
16:13 of 1st period - Ryan Kesler wins face-off versus Sean Couturier in Capitals zone.
16:28 of 1st period - Shot by Nick Bjugstad.
16:28 of 1st period - Stopped by Cam Ward without a rebound.
16:29 of 1st period - Anze Kopitar wins face-off versus Cody Eakin in Capitals zone.
17:04 of 1st period - Shot by Anze Kopitar.
17:04 of 1st period - Shot Misses the Net.
17:30 of 1st period - Shot by Ryan Kesler.
17:30 of 1st period - Shot Misses the Net.
18:29 of 1st period - Ryan McDonagh is hit by Andrej Sustr and loses puck.
18:40 of 1st period - Ryan McDonagh is hit by Micheal Haley and loses puck.
19:43 of 1st period - Shot by Matt Stajan.
19:43 of 1st period - Shot Misses the Net.
Goals for this period are 0 for Capitals vs 1 for Sharks.
Shots for this period are 9 for Capitals vs 10 for Sharks.

2nd period


0:01 of 2nd period - Anze Kopitar wins face-off versus Ryan Kesler in neutral zone.
0:10 of 2nd period - Shot by Sam Reinhart.
0:10 of 2nd period - Shot Blocked by Ryan McDonagh.
0:12 of 2nd period - Shot by Seth Jones.
0:12 of 2nd period - Stopped by Cam Ward without a rebound.
0:13 of 2nd period - Matt Stajan wins face-off versus Sean Couturier in Capitals zone.
0:21 of 2nd period - Minor Penalty to Derek Dorsett for Tripping.
0:22 of 2nd period - Ryan Kesler wins face-off versus Anze Kopitar in Capitals zone.
0:22 of 2nd period - Ryan Kesler is hit by Charlie Coyle.
0:58 of 2nd period - Shot by Seth Jones.
0:58 of 2nd period - Stopped by Cam Ward without a rebound.
0:59 of 2nd period - Sean Couturier wins face-off versus Ryan Kesler in Capitals zone.
1:31 of 2nd period - Shot by Chris Tanev.
1:31 of 2nd period - Shot Blocked by Jack Johnson.
1:33 of 2nd period - Shot by Chris Tanev.
1:33 of 2nd period - Stopped by Cam Ward without a rebound.
1:34 of 2nd period - Anze Kopitar wins face-off versus Ryan Kesler in Capitals zone.
2:09 of 2nd period - Anze Kopitar is hit by Taylor Hall and loses puck.
2:31 of 2nd period - Tom Wilson is hit by Dmitri Orlov and loses puck.
3:04 of 2nd period - Icing by Matt Martin.
3:05 of 2nd period - Viktor Stalberg wins face-off versus Michael Chaput in Sharks zone.
3:07 of 2nd period - Minor Penalty to Marc Staal for High sticking.
3:08 of 2nd period - Ryan Kesler wins face-off versus Anze Kopitar in Sharks zone.
3:11 of 2nd period - Shot by Ryan Kesler.
3:11 of 2nd period - Stopped by Semyon Varlamov without a rebound.
3:12 of 2nd period - Ryan Kesler wins face-off versus Sean Couturier in Sharks zone.
3:13 of 2nd period - Shot by Ryan McDonagh.
3:13 of 2nd period - Stopped by Semyon Varlamov without a rebound.
3:14 of 2nd period - Sean Couturier wins face-off versus Ryan Kesler in Sharks zone.
3:35 of 2nd period - Shot by Alexander Ovechkin.
3:35 of 2nd period - Shot Misses the Net.
3:37 of 2nd period - Shot by Ryan McDonagh.
3:37 of 2nd period - Shot Blocked by Esa Lindell.
3:39 of 2nd period - Shot by Ryan Kesler.
3:39 of 2nd period - Stopped by Semyon Varlamov without a rebound.
3:40 of 2nd period - Matt Stajan wins face-off versus Anze Kopitar in Sharks zone.
3:45 of 2nd period - Shot by Derek Dorsett.
3:45 of 2nd period - Stopped by Semyon Varlamov with a rebound.
3:49 of 2nd period - Shot by Calvin de Haan.
3:49 of 2nd period - Stopped by Semyon Varlamov without a rebound.
3:50 of 2nd period - Anze Kopitar wins face-off versus Matt Stajan in Sharks zone.
3:50 of 2nd period - Anze Kopitar is hit by Derek Dorsett.
4:04 of 2nd period - Shot by Ryan McDonagh.
4:04 of 2nd period - Stopped by Semyon Varlamov without a rebound.
4:05 of 2nd period - Ryan Kesler wins face-off versus Anze Kopitar in Sharks zone.
4:19 of 2nd period - Alexander Ovechkin is hit by Chris Tanev and loses puck.
4:22 of 2nd period - Shot by Mike Green.
4:22 of 2nd period - Stopped by Semyon Varlamov without a rebound.
4:23 of 2nd period - Matt Stajan wins face-off versus Sean Couturier in Sharks zone.
4:46 of 2nd period - Shot by Ryan McDonagh.
4:46 of 2nd period - Shot Misses the Net.
4:48 of 2nd period - Shot by Derek Dorsett.
4:48 of 2nd period - Stopped by Semyon Varlamov without a rebound.
4:49 of 2nd period - Anze Kopitar wins face-off versus Ryan Kesler in Sharks zone.
5:38 of 2nd period - Shot by Charlie Coyle.
5:38 of 2nd period - Shot Misses the Net.
5:40 of 2nd period - Shot by Chris Tanev.
5:40 of 2nd period - Stopped by Cam Ward without a rebound.
5:41 of 2nd period - Ryan Kesler wins face-off versus Sean Couturier in Capitals zone.
5:41 of 2nd period - Ryan McDonagh is hit by Nick Bjugstad and loses puck.
5:46 of 2nd period - Shot by Sean Couturier.
5:46 of 2nd period - Shot Misses the Net.
5:48 of 2nd period - Shot by Nick Bjugstad.
5:48 of 2nd period - Stopped by Cam Ward without a rebound.
5:49 of 2nd period - Viktor Stalberg wins face-off versus Sean Couturier in Capitals zone.
5:49 of 2nd period - Viktor Stalberg is hit by Mikko Rantanen.
5:55 of 2nd period - Shot by Alexander Ovechkin.
5:55 of 2nd period - Deflect By Ryan Kesler.
5:55 of 2nd period - Stopped by Semyon Varlamov with a rebound.
6:21 of 2nd period - Shot by Mikko Rantanen.
6:21 of 2nd period - Shot Blocked by Jack Johnson.
7:10 of 2nd period - Icing by Ryan Kesler.
7:11 of 2nd period - Mikhail Grigorenko wins face-off versus Ryan Kesler in Capitals zone.
7:27 of 2nd period - Taylor Hall is hit by Chris Tanev and loses puck.
7:30 of 2nd period - Shot by Matt Stajan.
7:30 of 2nd period - Shot Misses the Net.
7:32 of 2nd period - Shot by Matt Stajan.
7:32 of 2nd period - Stopped by Semyon Varlamov without a rebound.
7:33 of 2nd period - Cody Eakin wins face-off versus Michael Chaput in Sharks zone.
7:48 of 2nd period - Cody Eakin is hit by Esa Lindell and loses puck.
7:52 of 2nd period - Icing by Esa Lindell.
7:53 of 2nd period - Matt Stajan wins face-off versus Michael Chaput in Sharks zone.
7:53 of 2nd period - Calvin de Haan is hit by Esa Lindell and loses puck.
8:00 of 2nd period - Matt Stajan is hit by Tom Wilson and loses puck.
11:20 of 2nd period - Ryan Kesler is hit by Micheal Haley and loses puck.
11:50 of 2nd period - Icing by Tom Wilson.
11:51 of 2nd period - Michael Chaput wins face-off versus Cody Eakin in Sharks zone.
12:07 of 2nd period - Cody Eakin is hit by Mark Pysyk and loses puck.
12:16 of 2nd period - Shot by Sergey Kalinin.
12:16 of 2nd period - Shot Misses the Net.
13:19 of 2nd period - Shot by Ryan Kesler.
13:19 of 2nd period - Stopped by Semyon Varlamov without a rebound.
13:20 of 2nd period - Sean Couturier wins face-off versus Ryan Kesler in Sharks zone.
14:06 of 2nd period - Icing by Seth Jones.
14:07 of 2nd period - Sergey Kalinin wins face-off versus Sean Couturier in Sharks zone.
14:28 of 2nd period - Shot by Cody Eakin.
14:28 of 2nd period - Stopped by Semyon Varlamov without a rebound.
14:29 of 2nd period - Matt Stajan wins face-off versus Anze Kopitar in Sharks zone.
14:34 of 2nd period - Shot by Taylor Hall.
14:34 of 2nd period - Stopped by Semyon Varlamov without a rebound.
14:35 of 2nd period - Matt Stajan wins face-off versus Anze Kopitar in Sharks zone.
14:38 of 2nd period - Shot by Taylor Hall.
14:38 of 2nd period - Stopped by Semyon Varlamov without a rebound.
14:39 of 2nd period - Anze Kopitar wins face-off versus Matt Stajan in Sharks zone.
15:00 of 2nd period - Shot by Matt Stajan.
15:00 of 2nd period - Shot Misses the Net.
15:23 of 2nd period - Icing by Marc Staal.
15:24 of 2nd period - Anze Kopitar wins face-off versus Ryan Kesler in Sharks zone.
15:48 of 2nd period - Shot by Alexander Ovechkin.
15:48 of 2nd period - Shot Misses the Net.
15:50 of 2nd period - Shot by Viktor Stalberg.
15:50 of 2nd period - Shot Misses the Net.
15:52 of 2nd period - Shot by Jack Johnson.
15:52 of 2nd period - Stopped by Semyon Varlamov without a rebound.
15:53 of 2nd period - Sean Couturier wins face-off versus Cody Eakin in Sharks zone.
16:12 of 2nd period - Dmitri Orlov is hit by Mikko Rantanen and loses puck.
16:21 of 2nd period - Shot by Sean Couturier.
16:21 of 2nd period - Shot Misses the Net.
16:41 of 2nd period - Shot by Ryan Kesler.
16:41 of 2nd period - Shot Misses the Net.
17:02 of 2nd period - Seth Jones is hit by Jack Johnson and loses puck.
17:50 of 2nd period - Mike Green is hit by Marc Staal and loses puck.
17:57 of 2nd period - Shot by Taylor Hall.
17:57 of 2nd period - Shot Misses the Net.
17:59 of 2nd period - Shot by Matt Stajan.
17:59 of 2nd period - Shot Misses the Net.
18:01 of 2nd period - Shot by Calvin de Haan.
18:01 of 2nd period - Stopped by Semyon Varlamov without a rebound.
18:02 of 2nd period - Cody Eakin wins face-off versus Michael Chaput in Sharks zone.
18:06 of 2nd period - Icing by Chris Tanev.
18:07 of 2nd period - Michael Chaput wins face-off versus Cody Eakin in Sharks zone.
18:20 of 2nd period - Morgan Rielly is hit by Marc Staal and loses puck.
18:22 of 2nd period - Minor Penalty to Andrew Desjardins for Roughing.
18:23 of 2nd period - Ryan Kesler wins face-off versus Mikko Rantanen in Capitals zone.
Goals for this period are 0 for Capitals vs 0 for Sharks.
Shots for this period are 16 for Capitals vs 5 for Sharks.

3rd period


0:01 of 3rd period - Ryan Kesler wins face-off versus Anze Kopitar in neutral zone.
0:07 of 3rd period - Icing by Seth Jones.
0:08 of 3rd period - Ryan Kesler wins face-off versus Anze Kopitar in Sharks zone.
0:38 of 3rd period - Minor Penalty to Marc Staal for Hooking.
0:39 of 3rd period - Sean Couturier wins face-off versus Ryan Kesler in Sharks zone.
0:56 of 3rd period - Shot by Jack Johnson.
0:56 of 3rd period - Stopped by Semyon Varlamov with a rebound.
1:20 of 3rd period - Shot by Alexander Ovechkin.
1:20 of 3rd period - Stopped by Semyon Varlamov without a rebound.
1:21 of 3rd period - Sean Couturier wins face-off versus Matt Stajan in Sharks zone.
1:40 of 3rd period - Shot by Derek Dorsett.
1:40 of 3rd period - Shot Blocked by Esa Lindell.
1:42 of 3rd period - Shot by Taylor Hall.
1:42 of 3rd period - Deflect By Matt Stajan.
1:42 of 3rd period - Shot Misses the Net.
2:22 of 3rd period - Shot by Ryan Kesler.
2:22 of 3rd period - Stopped by Semyon Varlamov without a rebound.
2:23 of 3rd period - Sean Couturier wins face-off versus Alexander Ovechkin in Sharks zone.
2:23 of 3rd period - Sean Couturier is hit by Alexander Ovechkin.
2:37 of 3rd period - Sean Couturier is hit by Viktor Stalberg.
3:47 of 3rd period - Shot by Ryan Kesler.
3:47 of 3rd period - Stopped by Semyon Varlamov without a rebound.
3:48 of 3rd period - Matt Stajan wins face-off versus Mikhail Grigorenko in Sharks zone.
3:49 of 3rd period - Shot by Taylor Hall.
3:49 of 3rd period - Shot Misses the Net.
4:13 of 3rd period - Shot by Seth Jones.
4:13 of 3rd period - Stopped by Cam Ward without a rebound.
4:14 of 3rd period - Sean Couturier wins face-off versus Ryan Kesler in Capitals zone.
4:39 of 3rd period - Shot by Sean Couturier.
4:39 of 3rd period - Shot Misses the Net.
4:47 of 3rd period - Shot by Mikko Rantanen.
4:47 of 3rd period - Stopped by Cam Ward without a rebound.
4:48 of 3rd period - Anze Kopitar wins face-off versus Cody Eakin in Capitals zone.
5:23 of 3rd period - Shot by Sergey Kalinin.
5:23 of 3rd period - Shot Misses the Net.
5:25 of 3rd period - Shot by Cody Eakin.
5:25 of 3rd period - Stopped by Semyon Varlamov with a rebound.
6:05 of 3rd period - Minor Penalty to Esa Lindell for Tripping.
6:06 of 3rd period - Ryan Kesler wins face-off versus Sean Couturier in Sharks zone.
6:14 of 3rd period - Shot by Alexander Ovechkin.
6:14 of 3rd period - Deflect By Ryan Kesler.
6:14 of 3rd period - Stopped by Semyon Varlamov with a rebound.
6:18 of 3rd period - Shot by Ryan Kesler.
6:18 of 3rd period - Goal by Ryan Kesler - Capitals : 1 - Sharks : 1.
6:19 of 3rd period - Mikhail Grigorenko wins face-off versus David Desharnais in neutral zone.
6:39 of 3rd period - Shot by Mike Blunden.
6:39 of 3rd period - Shot Misses the Net.
6:55 of 3rd period - Shot by Morgan Rielly.
6:55 of 3rd period - Stopped by Semyon Varlamov with a rebound.
7:17 of 3rd period - Shot by Cody Eakin.
7:17 of 3rd period - Stopped by Semyon Varlamov without a rebound.
7:18 of 3rd period - Matt Stajan wins face-off versus Sean Couturier in Sharks zone.
7:25 of 3rd period - Shot by Derek Dorsett.
7:25 of 3rd period - Stopped by Semyon Varlamov without a rebound.
7:26 of 3rd period - Matt Stajan wins face-off versus Sean Couturier in Sharks zone.
8:45 of 3rd period - Sam Reinhart is hit by Mike Green.
9:21 of 3rd period - Icing by Morgan Rielly.
9:22 of 3rd period - Mikhail Grigorenko wins face-off versus Cody Eakin in Capitals zone.
10:05 of 3rd period - Shot by Tom Wilson.
10:05 of 3rd period - Shot Misses the Net.
10:07 of 3rd period - Shot by Michael Chaput.
10:07 of 3rd period - Goal by Michael Chaput - Capitals : 1 - Sharks : 2.
10:08 of 3rd period - Matt Stajan wins face-off versus Sean Couturier in neutral zone.
11:19 of 3rd period - Icing by Mike Green.
11:20 of 3rd period - Mikhail Grigorenko wins face-off versus David Desharnais in Capitals zone.
11:35 of 3rd period - Shot by Travis Konecny.
11:35 of 3rd period - Stopped by Cam Ward without a rebound.
11:36 of 3rd period - Ryan Kesler wins face-off versus Michael Chaput in Capitals zone.
11:36 of 3rd period - Ryan Kesler is hit by Tom Wilson.
11:37 of 3rd period - Minor Penalty to Matt Martin for High sticking.
11:38 of 3rd period - Ryan Kesler wins face-off versus Sean Couturier in Sharks zone.
13:19 of 3rd period - Shot by Ryan McDonagh.
13:19 of 3rd period - Stopped by Semyon Varlamov with a rebound.
13:21 of 3rd period - Shot by Alexander Ovechkin.
13:21 of 3rd period - Stopped by Semyon Varlamov with a rebound.
13:23 of 3rd period - Shot by Ryan McDonagh.
13:23 of 3rd period - Shot Misses the Net.
13:25 of 3rd period - Shot by Alexander Ovechkin.
13:25 of 3rd period - Shot Misses the Net.
14:33 of 3rd period - Shot by Sean Couturier.
14:33 of 3rd period - Stopped by Cam Ward with a rebound.
14:56 of 3rd period - Icing by Sean Couturier.
14:57 of 3rd period - Sean Couturier wins face-off versus Matt Stajan in Sharks zone.
15:33 of 3rd period - Icing by Chris Tanev.
15:34 of 3rd period - Mikhail Grigorenko wins face-off versus Cody Eakin in Sharks zone.
16:26 of 3rd period - Tom Wilson is hit by Mike Green and loses puck.
16:41 of 3rd period - Ryan Kesler is hit by Matt Martin and loses puck.
17:01 of 3rd period - Shot by Alexander Ovechkin.
17:01 of 3rd period - Shot Misses the Net.
17:03 of 3rd period - Shot by Alexander Ovechkin.
17:03 of 3rd period - Stopped by Semyon Varlamov without a rebound.
17:04 of 3rd period - Anze Kopitar wins face-off versus Matt Stajan in Sharks zone.
17:38 of 3rd period - Shot by Anze Kopitar.
17:38 of 3rd period - Shot Misses the Net.
17:57 of 3rd period - Jack Johnson is hit by Mikko Rantanen and loses puck.
18:16 of 3rd period - Shot by Nick Bjugstad.
18:16 of 3rd period - Stopped by Cam Ward without a rebound.
18:17 of 3rd period - Ryan Kesler wins face-off versus Mikhail Grigorenko in Capitals zone.
18:17 of 3rd period - Ryan Kesler is hit by Micheal Haley.
18:48 of 3rd period - Shot by Alexander Ovechkin.
18:48 of 3rd period - Stopped by Semyon Varlamov with a rebound.
18:54 of 3rd period - Shot by Alexander Ovechkin.
18:54 of 3rd period - Shot Misses the Net.
19:22 of 3rd period - Capitals, Cam Ward is pulled from the net.
19:24 of 3rd period - Shot by David Desharnais.
19:24 of 3rd period - Stopped by Semyon Varlamov without a rebound.
19:25 of 3rd period - Anze Kopitar wins face-off versus Ryan Kesler in Sharks zone.
19:25 of 3rd period - Anze Kopitar is hit by Lukas Sedlak.
19:42 of 3rd period - Alexander Ovechkin is hit by Sean Couturier.
Goals for this period are 1 for Capitals vs 1 for Sharks.
Shots for this period are 15 for Capitals vs 6 for Sharks.